 Dungeon Crawl Stone Soup version 0.28.0-53-g5a82cb258f (webtiles) character file.

Game seed: 14454599432003190660

223 issech the Skirmisher (level 5, -2/47 HPs)
             Began as a Minotaur Monk on June 10, 2022.
             Slain by a phantom (7 damage)
             ... on level 4 of the Dungeon.
             The game lasted 00:08:00 (2772 turns).

issech the Skirmisher (Minotaur Monk)               Turns: 2772, Time: 00:08:00

Health: -2/47      AC:  3    Str: 16    XL:     5   Next: 66%
Magic:  4/4        EV: 13    Int:  7    God:
Gold:   89         SH:  0    Dex: 14    Spells: 4/4 levels left

rFire   . . .      SeeInvis .   j - +1 spear (venom)
rCold   . . .      Faith    .   (no shield)
rNeg    . . .      Spirit   .   g - +0 leather armour
rPois   .          Reflect  .   (helmet restricted)
rElec   .          Harm     .   (no cloak)
rCorr   .          Rampage  .   (no gloves)
Will    .....                   (no boots)
Stlth   ++........              (no amulet)
HPRegen 0.15/turn               (no ring)
MPRegen 0.09/turn               (no ring)

@: no status effects
A: horns 2, retaliatory headbutt
a: no special abilities


You were on level 4 of the Dungeon.
You visited 1 branch of the dungeon, and saw 4 of its levels.

You collected 89 gold pieces.

Inventory:

Hand Weapons
 a - a +0 hand axe
 d - a +0 hunting sling
 f - a +2 short sword of speed
 j - a +1 spear of venom (weapon)
Missiles
 c - 38 sling bullets
 e - 21 stones (quivered)
 h - 37 arrows
 k - 19 bolts
 r - 2 throwing nets
Armour
 b - a +0 robe
 g - a +0 leather armour (worn)
Scrolls
 i - 3 scrolls of noise {unknown}
 l - a scroll of blinking {unknown}
 o - a scroll of vulnerability {unknown}
 p - a scroll of enchant weapon {unknown}
 q - a scroll of identify {unknown}
Potions
 m - a potion of mutation {unknown}
 n - a potion of curing {unknown}


   Skills:
 + Level 4.9 Fighting
 + Level 1.3 Short Blades
 + Level 4.4(4.5) Axes
 + Level 0.8(2.9) Polearms
 + Level 2.1 Armour
 + Level 4.2 Dodging
 + Level 2.7 Stealth


You had 4 spell levels left.
You didn't know any spells.
Your spell library was empty.

Dungeon Overview and Level Annotations

Branches:
Dungeon (4/15)
 Temple: D:4-7

Altars:
Fedhas


Innate Abilities, Weirdness & Mutations

You have a pair of horns on your head.
You reflexively headbutt those who attack you in melee.


Message History

The phantom is moderately damaged.
The phantom barely misses you. You furiously retaliate!
You headbutt the phantom, but do no damage.
You hit the phantom but do no damage. Your headbutt misses the phantom.
The phantom is moderately damaged.
You barely miss the phantom. Your headbutt misses the phantom.
The phantom is moderately damaged.
The phantom hits you.
The phantom blinks!
You blink.
You hit the phantom but do no damage. Your headbutt misses the phantom.
The phantom is moderately damaged.
The phantom hits you.
* * * LOW HITPOINT WARNING * * *
The phantom blinks!
You blink.
The phantom hits you but does no damage.
You barely miss the phantom.
You headbutt the phantom, but do no damage.
The phantom is moderately damaged.
The phantom hits you.
* * * LOW HITPOINT WARNING * * *
You hit the phantom but do no damage.
The phantom is moderately damaged.
The phantom closely misses you.
You hit the phantom. You punch the phantom.
The phantom is heavily damaged.
The phantom closely misses you. You furiously retaliate!
You headbutt the phantom, but do no damage.
You hit the phantom.
The phantom is severely damaged.
The phantom hits you.
* * * LOW HITPOINT WARNING * * *
You hit the phantom.
The phantom is severely damaged.
The phantom barely misses you.
You closely miss the phantom.
The phantom is severely damaged.
The phantom hits you but does no damage.
You closely miss the phantom.
The phantom is severely damaged.
The phantom hits you!
You die...

####### #. #.....######## #.
#.###.##....<# .
#.###.##.#.#W############ .##
#.#.......#.@...........# #..
#.#.#.##.#.#.######...#.###.#
#.#.#.##.....# #.#.......#
#.....######## #...#.#....
###.#### ##...###.## #....#
#..## ##.# ####.# #...###.##
#.# #....#..# #.# #..##.###


You could see a phantom.

Vanquished Creatures
  An ogre (D:4)
  A jelly (D:3)
  3 gnolls (D:2)
  A howler monkey skeleton (D:4)
  2 adders
  An adder skeleton (D:4)
  2 dart slugs
  2 orcs (D:3)
  5 bats
  2 endoplasms (D:1)
  A giant cockroach (D:3)
  4 goblins
  3 hobgoblins (D:1)
  4 quokkas
  A ball python (D:1)
  4 frilled lizards (D:1)
  4 kobolds
  4 rats
45 creatures vanquished.

Notes
Turn   | Place    | Note
-------+----------+-------------------------------------------
     0 | D:1      | issech the Minotaur Monk began the quest for the Orb.
     0 | D:1      | Reached XP level 1. HP: 19/19 MP: 0/0
   228 | D:1      | Reached XP level 2. HP: 27/27 MP: 1/1
  1076 | D:2      | Found a faded altar of an unknown god.
  1129 | D:2      | Reached XP level 3. HP: 33/33 MP: 2/2
  1622 | D:2      | Found a blossoming altar of Fedhas.
  1866 | D:3      | Reached XP level 4. HP: 41/41 MP: 3/3
  2171 | D:3      | Reached skill level 1 in Armour
  2549 | D:4      | Noticed a phantom
  2549 | D:4      | Noticed an ogre
  2707 | D:4      | Killed an ogre
  2708 | D:4      | Reached skill level 1 in Short Blades
  2708 | D:4      | Reached XP level 5. HP: 27/47 MP: 4/4
  2772 | D:4      | Slain by a phantom

Illustrated notes

Levels and vault maps discovered:
D:1:      lemuel_arrival_cross, layout_basic
D:2:      layout_loops_ring, nicolae_ecumenical_pavilion, basic_altar
D:3:      layout_rooms, kennysheep_generic_room_14
D:4:      layout_loops_cross, pf_guarded_unrand_delatra

Skill      XL: |  1  2  3  4 |
---------------+-------------+-----
Fighting       | 4 |  4.9
Axes           | 4 |  4.4
Stealth        | 2 |  2.7
Armour         | 2 |  2.1
Dodging        | 4 |  4.2
Short Blades   | 1 |  1.3
Polearms       | |  0.8

Action                   |  1- 3 |  4- 6 || total
-------------------------+-------+-------++-------
Melee: Hand axe          |    10 |       ||    10
       Headbutt          |     9 |    10 ||    19
       Short sword       |    47 |       ||    47
       Spear             |     3 |    63 ||    66
       Punch             |       |     1 ||     1
Throw: Stone             |       |     1 ||     1
 Stab: Sleeping          |     3 |     3 ||     6
Armor: Robe              |     5 |       ||     5
       Leather armour    |    10 |     4 ||    14
Dodge: Dodged            |    36 |    28 ||    64
